 Dungeon Crawl Stone Soup version 0.29.1-1-gd02db6906a (webtiles) character file.

Game seed: 10227349781954124767

98 Icepheonix32 the Gusty (level 4, -2/24 HPs)
             Began as a Tengu Air Elementalist on Oct 5, 2022.
             Killed from afar by Natasha (11 damage)
             ... with a magic dart
             ... on level 3 of the Dungeon.
             The game lasted 00:04:21 (2605 turns).

Icepheonix32 the Gusty (Tengu Air Elementalist)     Turns: 2605, Time: 00:04:22

Health: -2/24      AC:  2    Str:  8    XL:     4   Next: 71%
Magic:  5/9        EV: 12    Int: 18    God:
Gold:   66         SH:  0    Dex: 14    Spells: 1/8 levels left

rFire   . . .      SeeInvis .   b - +0 spear
rCold   . . .      Faith    .   (no shield)
rNeg    . . .      Spirit   .   a - +0 robe
rPois   .          Reflect  .   (helmet restricted)
rElec   .          Harm     .   (no cloak)
rCorr   .          Rampage  .   (no gloves)
Will    +....                   (boots unavailable)
Stlth   ++........              (no amulet)
HPRegen 0.08/turn               m - ring of willpower
MPRegen 0.11/turn               (no ring)

@: no status effects
A: beak, talons 3
a: no special abilities


You were on level 3 of the Dungeon.
You visited 1 branch of the dungeon, and saw 3 of its levels.

You collected 180 gold pieces.
You spent 114 gold pieces at shops.

Inventory:

Hand Weapons
 b - a +0 spear (weapon)
Armour
 a - a +0 robe (worn)
 i - a +0 kite shield
Jewellery
 m - a ring of willpower (left hand)
Scrolls
 e - a scroll of torment {unknown}
 g - a scroll of enchant weapon {unknown}
 n - a scroll of silence {unknown}
 p - a scroll of enchant armour {unknown}
Potions
 c - a potion of invisibility {unknown}
 d - a potion of haste {unknown}
 f - a potion of flight {unknown}
 h - a potion of ambrosia {unknown}
 j - a potion of curing {unknown}
 k - a potion of degeneration {unknown}
 l - 2 potions of mutation {unknown}
 o - a potion of attraction {unknown}


   Skills:
 + Level 0.1 Fighting
 + Level 0.1 Polearms
 + Level 2.3 Dodging
 + Level 2.3 Stealth
 + Level 2.7 Spellcasting
 * Level 2.4 Conjurations
 * Level 5.7 Air Magic


You had one spell level left.
You knew the following spells:

 Your Spells              Type           Power      Damage    Failure   Level
a - Shock                 Conj/Air       68%        1d7       3%          1
b - Static Discharge      Conj/Air       17%        3-6/arc   4%          2
c - Airstrike             Air            11%        2d(2-18)  16%         4

Your spell library contained the following spells:

 Spells                   Type           Power      Damage    Failure   Level
 Magic Dart               Conj           44%        1d5       6%          1
 Swiftness                Air            23%        N/A       4%          3
 Mephitic Cloud           Conj/Pois/Air  12%        N/A       16%         3
 Call Imp                 Summ           2%         N/A       26%         2
 Frozen Ramparts          Ice            4%         1d1       45%         3
 Ice Form                 Ice/Tmut       2%         N/A       86%         4
 Summon Ice Beast         Ice/Summ       2%         N/A       86%         4


Dungeon Overview and Level Annotations

Branches:
Dungeon (3/15)

Altars:

Shops:
D:1 *

Annotations:
D:3 Natasha


Innate Abilities, Weirdness & Mutations

You have a beak for a mouth.
You have claws for feet.


Message History

The zap hits the crimson imp.
The crimson imp is lightly wounded.
Unknown command.
Unknown command.
Casting: Shock (safe; 3% risk of failure)
Confirm with . or Enter, or press ? or * to list all spells.
Aiming: Shock (safe; 3% risk of failure)
Press: ? - help, Shift-Dir - straight line The zap hits Natasha.
Natasha is heavily wounded.
Natasha stares at you and mumbles some strange words.
The magic dart hits you!
Unknown command.
Natasha attacks as you move away! Natasha claws you.
Natasha closely misses you. Natasha claws you.
The crimson imp shouts, "Scamper hence, thou lumpish beak-witted jarkman!"
Casting: Shock (safe; 3% risk of failure)
Confirm with . or Enter, or press ? or * to list all spells.
Aiming: Shock (safe; 3% risk of failure)
Press: ? - help, Shift-Dir - straight line The zap hits Natasha.
Natasha is heavily wounded.
The zap hits the crimson imp.
The crimson imp is heavily wounded.
The zap hits the crimson imp.
The crimson imp is severely wounded.
The zap misses Natasha.
Natasha closely misses you.
Unknown command.
Casting: Shock (safe; 3% risk of failure)
Confirm with . or Enter, or press ? or * to list all spells.
Aiming: Shock (safe; 3% risk of failure)
Press: ? - help, Shift-Dir - straight line The zap hits Natasha.
Natasha is severely wounded.
The zap hits Natasha.
Natasha is almost dead.
Natasha casts a spell at you. The magic dart hits you!
You die...

#......###)#
#.#.....
#......#...#
#.......
#......#.###
##......
#......).#
##.....
#......###
######
#.......#
#.......#
#....5..#
#...@h..#
#######'#
#####
#.......#
#....
#.......#
#..(.
#.......#
#....
.##+#####
#.... ..
#.... ..
#.... ...
#....


You could see Natasha and a crimson imp (summoned).

Vanquished Creatures
  A gnoll (D:1)
  An adder (D:2)
  An ufetubus (D:2)
  3 worms (D:2)
  3 ball pythons
  5 endoplasms
  10 giant cockroaches
  5 goblins
  2 hobgoblins
  4 jackals (D:2)
  2 quokkas
  6 bats
  4 frilled lizards
  5 kobolds
  9 rats
61 creatures vanquished.

Vanquished Creatures (others)
  3 plants (D:2)
3 creatures vanquished.

Grand Total: 64 creatures vanquished

Notes
Turn   | Place    | Note
-------+----------+-------------------------------------------
     0 | D:1      | Icepheonix32 the Tengu Air Elementalist began the quest for
                  | the Orb.
     0 | D:1      | Reached XP level 1. HP: 10/10 MP: 4/4
    41 | D:1      | Reached XP level 2. HP: 7/15 MP: 4/6
   242 | D:1      | Found Exzijemi's Assorted Antiques.
   503 | D:1      | Reached XP level 3. HP: 19/19 MP: 4/7
   658 | D:1      | Found a faded altar of an unknown god.
   736 | D:1      | Reached skill level 5 in Air Magic
  1056 | D:1      | Bought an amethyst potion for 27 gold pieces
  1056 | D:1      | Bought a fuming green potion for 27 gold pieces
  1433 | D:2      | Reached XP level 4. HP: 24/24 MP: 4/8
  1549 | D:2      | Learned a level 2 spell: Static Discharge
  1554 | D:2      | Learned a level 4 spell: Airstrike
  2267 | D:1      | Bought a scroll labelled JIVEUC SUETHRY for 30 gold pieces
  2267 | D:1      | Bought a scroll labelled TACEH KOUSTEB for 30 gold pieces
  2595 | D:3      | Noticed Natasha
  2605 | D:3      | Killed from afar by Natasha

Illustrated notes

Levels and vault maps discovered:
D:1:      lightli_arrival_chessboard, layout_basic,
          ebering_ecumenical_altar_sacrificial, serial_shops,
          nicolae_square_shop
D:2:      layout_rooms, serial_forest, infiniplex_forest_straight_4,
          infiniplex_forest_lined_corner, infiniplex_forest_zigzag_1,
          infiniplex_forest_clump_diagonal, infiniplex_forest_lined_4_way,
          infiniplex_forest_diagonal
D:3:      minmay_roachtagon, layout_basic, uniq_natasha

Skill      XL: |  1  2  3 |
---------------+----------+-----
Air Magic      | 5 |  5.7
Conjurations   | 2 |  2.4
Fighting       | |  0.1
Polearms       | |  0.1
Dodging        | |  2.3
Stealth        | |  2.3
Spellcasting   | |  2.7

Action                   |  1- 3 |  4- 6 || total
-------------------------+-------+-------++-------
Melee: Spear             |     2 |    16 ||    18
       Kick              |       |     4 ||     4
       Peck              |       |     2 ||     2
 Cast: Shock             |    69 |    45 ||   114
       Airstrike         |       |     1 ||     1
       Static Discharge  |       |     1 ||     1
  Use: Potion            |     1 |       ||     1
       Scroll            |       |     1 ||     1
Armor: Robe              |     2 |     7 ||     9
Dodge: Dodged            |     7 |    19 ||    26
